 Dungeon Crawl Stone Soup version 0.31-a0-977-gc230f8ef24 (webtiles) character file.

Game seed: 10567354121423518866

73 mandarbmax the Slasher (level 4, -11/28 HPs)
             Began as a Tengu Monk on Oct 29, 2023.
             Was a Believer of Dithmenos.
             Mangled by a gnoll
             ... wielding a +0 halberd
              (15 damage)
             ... on level 2 of the Dungeon.
             The game lasted 00:05:13 (1587 turns).

mandarbmax the Slasher (Tengu Monk)                 Turns: 1587, Time: 00:05:13

Health: -11/28     AC:  2    Str: 11 (12) XL:     4   Next: 27%
Magic:  5/5        EV: 14    Int:  7 (10) God:    Dithmenos [**....]
Gold:   159        SH:  0    Dex: 17 (18) Spells: 3/3 levels left

rFire   . . .        a - +0 falchion
rCold   . . .        (no shield)
rNeg    . . .        b - +0 robe
rPois   .            (helmet restricted)
rElec   .            (no cloak)
rCorr   .            (no gloves)
SInv    .            (boots unavailable)
Will    .....        (no amulet)
Stlth   ++           (no ring)
HPRegen 0.24/turn    (no ring)
MPRegen 0.09/turn

%: acrobat
@: wreathed by umbra
A: beak, talons 3, acrobatic
a: Renounce Religion, Shadow Step


You were on level 2 of the Dungeon.
You worshipped Dithmenos.
Dithmenos was pleased with you.
You visited 1 branch of the dungeon, and saw 3 of its levels.

You collected 159 gold pieces.

Inventory:

Hand Weapons
 a - a +0 falchion (weapon)
Armour
 b - a +0 robe (worn)
 d - an orb of light
Scrolls
 f - a scroll of immolation {unknown}
 g - 2 scrolls of blinking {unknown}
 h - 4 scrolls of identify {unknown}
 j - a scroll of poison {unknown}
Potions
 c - a potion of ambrosia
 i - a potion of degeneration
 k - a potion of curing {unknown}


   Skills:
 - Level 3.0 Fighting
 * Level 4.8 Long Blades
 + Level 4.1 Dodging


You had 3 spell levels left.
You didn't know any spells.
Your spell library was empty.

Dungeon Overview and Level Annotations

Branches:
Dungeon (3/15)

Altars:
Dithmenos
Wu Jian


Innate Abilities, Weirdness & Mutations

You have a beak for a mouth.
You have claws for feet.
You can magically evade attacks while moving or waiting.


Message History

Dithmenos accepts your kill.
You slash the rat!
You kill the rat!
Dithmenos accepts your kill.
No target in view!
No target in view!
No target in view!
No target in view!
No target in view!
No target in view!
i - 2 murky dark potions (gained 1)
You now have 159 gold pieces (gained 16).
Found a robe.
Found a leather armour.
The adder hisses angrily.
The gnoll shouts! x3; You hear a shout!
You hit the gnoll but do no damage. Your kick misses the gnoll.
The gnoll hits you with a +0 flail.
You barely miss the gnoll.
The gnoll shouts!
Your kick misses the gnoll. You peck the gnoll, but do no damage.
The gnoll closely misses you. The gnoll hits you with a +0 club.
A hobgoblin comes into view.
You hit the gnoll.
The gnoll is moderately wounded.
The gnoll hits you from afar with a +0 halberd!
Ouch! That really hurt!
* * * LOW HITPOINT WARNING * * *
The gnoll hits you with a +0 club.
* * * LOW HITPOINT WARNING * * *
The gnoll misses you. The gnoll attacks as it pursues you!
The gnoll completely misses you.
Okay, then.
The gnoll attacks as it pursues you! The gnoll completely misses you.
The gnoll misses you.
It was a potion of degeneration.
There was something very wrong with that liquid.
You feel weakened.
You feel dopey.
You feel clumsy.
The gnoll hits you from afar with a +0 halberd!
Ouch! That really hurt!
You die...

..........##........
......[..##.......#
.........##....#.##
....[..............
..................
..#..............
###..............
#................
#...g@...........
#...g#+###..##...
......#...g#.# ..#
.. ......#...g#.##
..#
.(gg..####.........
..................
....g.S.....(S....
.....g...........#
.................#


You could see 4 gnolls.

Vanquished Creatures
  2 adders (D:3)
  A worm (D:3)
  2 dart slugs
  An orc (D:3)
  4 endoplasms
  2 giant cockroaches (D:1)
  2 goblins (D:1)
  8 hobgoblins
  6 kobolds
  A quokka (D:1)
  5 ball pythons
  6 bats
  A frilled lizard (D:1)
  4 rats
45 creatures vanquished.

Notes
Turn   | Place    | Note
-------+----------+-------------------------------------------
     0 | D:1      | mandarbmax the Tengu Monk began the quest for the Orb.
     0 | D:1      | Reached XP level 1. HP: 14/14 MP: 2/2
   108 | D:1      | Reached XP level 2. HP: 18/19 MP: 3/3
   302 | D:1      | Reached XP level 3. HP: 22/23 MP: 4/4
   831 | D:2      | You fall into a shaft and drop 1 floor!
   901 | D:3      | Found an ornate altar of the Wu Jian Council.
   980 | D:3      | Found a shadowy altar of Dithmenos.
  1005 | D:3      | Reached XP level 4. HP: 28/28 MP: 5/5
  1431 | D:3      | Became a worshipper of Dithmenos the Shadowed
  1431 | D:3      | Reached * piety under Dithmenos
  1431 | D:3      | Reached ** piety under Dithmenos
  1587 | D:2      | Mangled by a gnoll

Illustrated notes

Levels and vault maps discovered:
D:1:      reono_arrival_forest_river, layout_loops_corners
D:2:      layout_basic, basic_altar
D:3:      layout_loops_ring, nicolae_dithmenos_shadow_blocks,
          mainiacjoe_overflow_chevrons, gammafunk_temple_overflow_pools

Skill      XL: |  1  2  3 |
---------------+----------+-----
Long Blades    | 4 |  4.8
Dodging        | 4 |  4.1
Fighting       | |  3.0

Action                     |  1- 3 |  4- 6 || total
---------------------------+-------+-------++-------
  Melee: Falchion          |    58 |    26 ||    84
         Kick              |    13 |    10 ||    23
         Peck              |     6 |     5 ||    11
  Throw: Dart              |       |     2 ||     2
    Use: Potion            |       |     1 ||     1
 Armour: Robe              |    19 |    10 ||    29
  Dodge: Dodged            |    53 |    22 ||    75

Table legend: (Time is in decaauts)
 A = Elapsed time spent in this place.
 B = Non-inter-level travel time spent in this place.
 C = Inter-level travel time spent in this place.
 D = Time resting spent in this place.
 E = Time spent auto-exploring this place.
 F = Levels seen in this place.
 G = Mean time per level.
                   A        B        C        D        E       F      G
               +--------+--------+--------+--------+--------+-----+--------+
         Total |   1597 |   1443 |    154 |      0 |   1146 |   3 |  532.3 |
       Dungeon |   1597 |   1443 |    154 |      0 |   1146 |   3 |  532.3 |
               +--------+--------+--------+--------+--------+-----+--------+

Top non-repeatable levels by time:
     D:1: 836 daAuts
     D:3: 644 daAuts
     D:2: 117 daAuts
